 Dungeon Crawl Stone Soup version 0.24.0-1-gfbc8707 (webtiles) character file.

Game seed: 940465887538215346, levelgen mode: deterministic

10 Minkie the Grave Robber (level 2, -1/22 HPs)
             Began as a Ghoul Necromancer on Nov 12, 2019.
             Slain by a worm (2 damage)
             ... on level 2 of the Dungeon.
             The game lasted 00:02:01 (795 turns).

Minkie the Grave Robber (Ghoul Necromancer)          Turns: 795, Time: 00:02:01

Health: -1/22      AC:  2    Str: 11    XL:     2   Next: 20%
Magic:  0/3        EV: 12    Int: 10    God:
Gold:   0          SH:  0    Dex:  9    Spells: 3/4 levels left

rFire    . . .     SeeInvis .   (no weapon)
rCold    + . .     Gourm    .   (no shield)
rNeg     + + +     Faith    .   a - +0 robe
rPois    ∞         Spirit   .   (no helmet)
rElec    .         Reflect  .   (no cloak)
rCorr    .         Harm     .   (no gloves)
MR       .....                  (no boots)
Stlth    ++........             (no amulet)
HPRegen  0.00/turn              (no ring)
MPRegen  0.08/turn              (no ring)

@: rotting
A: rotting body, claws 1, carnivore, cold resistance 1, negative energy
resistance 3, inhibited regeneration, torment resistance, unbreathing
a: no special abilities


You were on level 2 of the Dungeon.
You were not hungry.

You visited 1 branch of the dungeon, and saw 2 of its levels.

Inventory:

Armour
 a - a +0 robe (worn)
Scrolls
 b - a scroll of identify {unknown}
 e - 2 scrolls of blinking {unknown}
 g - a scroll of remove curse {unknown}
Potions
 d - a potion of degeneration {unknown}
 f - 2 potions of curing {unknown}
Comestibles
 c - a ration
 h - a chunk of flesh


   Skills:
 + Level 0.7 Fighting
 - Level 1.7 Dodging
 - Level 2.1 Stealth
 + Level 0.8 Unarmed Combat
 + Level 1.9 Spellcasting
 + Level 4.1 Necromancy


You had 3 spell levels left.
You knew the following spells:

 Your Spells              Type           Power        Failure   Level  Hunger
a - Pain                  Necr           #...         6%          1    ##.....

Your spell library contained the following spells:

 Spells                   Type           Power        Failure   Level  Hunger
 Animate Skeleton         Necr           N/A          6%          1    ##.....
 Vampiric Draining        Necr           #.........   17%         3    ####...
 Regeneration             Chrm/Necr      #.........   38%         3    ####...
 Animate Dead             Necr           N/A          50%         4    #####..


Dungeon Overview and Level Annotations

Branches:
Dungeon (2/15)

Altars:


Innate Abilities, Weirdness & Mutations

Your body is rotting away.
You thrive on raw meat.
You are immune to poison.
You have sharp fingernails.
You are carnivorous and can eat meat at any time.
Your flesh is cold resistant. (rC+)
You are immune to negative energy. (rN+++)
You do not regenerate when monsters are visible.
You are immune to unholy pain and torment.
You can survive without breathing.


Message History

Casting: Pain (safe; 6% risk of failure)
Confirm with . or Enter, or press ? or * to list all spells.
Aiming: Pain (safe; 6% risk of failure)
Press: ? - help, Shift-Dir - straight line, f - worm
Aim: a worm (heavily wounded, chance to defeat MR: 68%)
The worm struggles to resist.
Casting: Pain (safe; 6% risk of failure)
Confirm with . or Enter, or press ? or * to list all spells.
Aiming: Pain (safe; 6% risk of failure)
Press: ? - help, Shift-Dir - straight line, f/p - worm
Aim: a worm (heavily wounded, chance to defeat MR: 68%)
The worm writhes in agony.
The worm bites you.
* * * LOW HITPOINT WARNING * * *
Casting: Pain (safe; 6% risk of failure)
Confirm with . or Enter, or press ? or * to list all spells.
Aiming: Pain (safe; 6% risk of failure)
Press: ? - help, Shift-Dir - straight line, f/p - worm
Aim: a worm (severely wounded, chance to defeat MR: 68%)
The worm writhes in agony.
The worm bites you.
You die...

.. .##.#
♣#.#..#.###
♣..........
♣♣.......... ≈
♣≈............
≈P≈ ♣............
≈≈≈≈♣..........g.
≈≈♣≈...<.........
≈≈≈≈...@w...[....
≈♣≈♣............#
♣#..%....(..#
#####<.#### ##.#
.# .# .# ##


You could see a worm.

Vanquished Creatures
  A giant cockroach (D:1)
  3 hobgoblins
  2 bats (D:1)
  3 frilled lizards (D:1)
  2 rats (D:1)
11 creatures vanquished.

Notes
Turn   | Place    | Note
-------+----------+-------------------------------------------
     0 | D:1      | Minkie the Ghoul Necromancer began the quest for the Orb.
     0 | D:1      | Reached XP level 1. HP: 14/14 MP: 2/2
   612 | D:1      | Reached XP level 2. HP: 21/21 MP: 3/3
   794 | D:2      | HP: 1/22 [worm (1)]
   795 | D:2      | Slain by a worm

Levels and vault maps discovered:
D:1:      wheals_arrival_linesprint, layout_loops_ring
D:2:      minmay_kobold_bridge, layout_rooms, cheibriados_altar_1,
          serial_bayou_lake_a

Action                   || total
-------------------------++-------
Melee: Unarmed           ||    38
 Cast: Pain              ||     4
 Stab: Sleeping          ||     2
  Eat: Chunk             ||     5
Armor: Robe              ||     2
Dodge: Dodged            ||    17
